 Seeded DCSS version 0.28-a0-1389-gc726bef33b (webtiles) character file.

Game seed: 6950911245894813293 (custom seed)

182 flotson the Ducker (level 5, 0/36 (41) HPs)
             Began as a Demonspawn Gladiator on Jan 3, 2022.
             Killed from afar by an orc wizard (9 damage)
             ... with a puff of flame
             ... on level 3 of the Dungeon.
             The game lasted 00:03:57 (3997 turns).

flotson the Ducker (Demonspawn Gladiator)           Turns: 3997, Time: 00:03:58

HP:   0/36 (41)     AC:  9    Str: 16    XL:     5   Next: 34%
MP:   5/5           EV:  9    Int:  9    God:
Gold: 60            SH:  0    Dex: 15    Spells: 4/4 levels left

rFire   . . .      SeeInvis .   i - +0 whip (flame)
rCold   . . .      Faith    .   (no shield)
rNeg    . . .      Spirit   .   l - +0 chain mail
rPois   .          Reflect  .   c - +0 helmet
rElec   .          Harm     .   (no cloak)
rCorr   .          Rampage  .   (no gloves)
Will    .....                   (no boots)
Stlth   ..........              (no amulet)
HPRegen 0.12/turn               (no ring)
MPRegen 0.09/turn               (no ring)

@: confused, heavily drained
A: hooves 1, demonic guardian 1, sturdy frame 1
a: no special abilities


You were on level 3 of the Dungeon.
You visited 1 branch of the dungeon, and saw 3 of its levels.

You collected 60 gold pieces.

Inventory:

Hand Weapons
 i - a +0 whip of flaming (weapon)
Missiles
 d - 4 throwing nets (quivered)
 f - 11 poisoned darts
 k - a boomerang
Armour
 c - a +0 helmet (worn)
 l - a +0 chain mail (worn)
Scrolls
 b - a scroll of amnesia {unknown}
 g - a scroll of identify {unknown}
 j - a scroll of vulnerability {unknown}
Potions
 a - a potion of curing {unknown}
 e - a potion of haste {unknown}


   Skills:
 + Level 3.0 Fighting
 + Level 1.7(2.5) Axes
 - Level 2.6(3.0) Maces & Flails
 + Level 2.7 Throwing
 + Level 1.8 Armour
 + Level 3.5 Dodging


You had 4 spell levels left.
You didn't know any spells.
Your spell library was empty.

Dungeon Overview and Level Annotations

Branches:
Dungeon (3/15)

Altars:


Innate Abilities, Weirdness & Mutations

You have large cloven feet.
A weak demonic guardian rushes to your aid.
Your movements are slightly less encumbered by armour. (ER -2)


Message History

The orc wizard hits you but does no damage.
The orc hits you with a +3 flail of draining.
You feel drained.
You hit the orc wizard. You burn the orc wizard.
You kick the orc wizard, but do no damage.
The orc wizard is almost dead.
The orc wizard gestures at you while chanting.
You are confused.
The orc barely misses you.
You are too confused!
You are too confused!
You are too confused!
You are too confused!
You are too confused!
You are too confused!
You are too confused!
You miss the orc wizard.
The orc wizard is almost dead.
The orc wizard hits you with a +0 dagger.
The orc hits you with a +3 flail of draining.
You feel drained.
The orc wizard mumbles some strange words.
The orc wizard flickers and vanishes!
Deactivating autopickup; reactivate with Ctrl-A.
The orc hits you with a +3 flail of draining.
* * * LOW HITPOINT WARNING * * *
You feel drained.
* * * LOW HITPOINT WARNING * * *
A demonic guardian appears!
You hit the orc. You burn the orc. Your kick misses the orc.
The orc is heavily wounded.
The orc barely misses you.
Your white imp hits the orc.
Your white imp freezes the orc.
The orc dies!
You're too confused to move!
Something hits you but does no damage.
Your white imp barely misses something.
You hear some strange, mumbled words.
A puff of flame appears from out of thin air!
The puff of flame hits you!
You die...

#.. .. #####.###
........#
........#
........##
.......5.#####
......){)....#
........@.####
........#....##
....>...####..##
+######## ###.##
#..### #....####
#.......###
#...[[....#
#.)<......#


You could see a friendly white imp (summoned).

Vanquished Creatures
  11 gnolls
  An adder (D:2)
  A worm (D:2)
  3 dart slugs
  2 orcs
  5 bats
  2 endoplasms
  A giant cockroach (D:1)
  6 goblins
  4 hobgoblins
  3 jackals (D:1)
  3 quokkas (D:1)
  2 ball pythons (D:1)
  5 frilled lizards
  4 kobolds
  7 rats (D:1)
60 creatures vanquished.

Vanquished Creatures (collateral kills)
  2 orcs
2 creatures vanquished.

Grand Total: 62 creatures vanquished

Notes
Turn   | Place    | Note
-------+----------+-------------------------------------------
     0 | D:1      | flotson the Demonspawn Gladiator began the quest for the
                  | Orb.
     0 | D:1      | Reached XP level 1. HP: 16/16 MP: 1/1
   214 | D:1      | Gained mutation: Your movements are slightly less
                  | encumbered by armour. (ER -2) [demonic ancestry]
   214 | D:1      | Reached XP level 2. HP: 20/22 MP: 2/2
   906 | D:1      | Gained mutation: You have large cloven feet. [demonic
                  | ancestry]
   906 | D:1      | Reached XP level 3. HP: 28/28 MP: 3/3
  1055 | D:1      | Reached skill level 1 in Axes
  1055 | D:1      | Reached skill level 1 in Armour
  1931 | D:1      | Gained mutation: A weak demonic guardian rushes to your
                  | aid. [demonic ancestry]
  1931 | D:1      | Reached XP level 4. HP: 23/34 MP: 4/4
  2749 | D:1      | Reached XP level 5. HP: 15/40 MP: 5/5
  3464 | D:2      | Found a faded altar of an unknown god.
  3997 | D:3      | Killed from afar by an orc wizard

Illustrated notes

Levels and vault maps discovered:
D:1:      dpeg_arrival_rooms_b, layout_basic, minmay_tree_intersection
D:2:      layout_basic, shapermc_ecumenical_altar_gd, kennysheep_doodads,
          minivault_26
D:3:      minmay_evil_eye, layout_rooms, chequers_avenue,
          kennysheep_generic_room_2

Skill      XL: |  1  2  3  4  5 |
---------------+----------------+-----
Throwing       | 2 |  2.7
Dodging        | 3 |  3.5
Axes           | 1 |  1.7
Armour         | 1 |  1.8
Fighting       | 3 |  3.0
Maces & Flails | |  2.6

Action                   |  1- 3 |  4- 6 || total
-------------------------+-------+-------++-------
Melee: Flail             |   106 |       ||   106
       Whip              |    13 |   107 ||   120
       Kick              |    12 |    35 ||    47
 Stab: Sleeping          |       |     1 ||     1
Armor: Leather armour    |    26 |       ||    26
       Ring mail         |    29 |    34 ||    63
       Chain mail        |       |     5 ||     5
Dodge: Dodged            |   112 |    78 ||   190

Table legend: (Time is in decaauts)
 A = Elapsed time spent in this place.
 B = Non-inter-level travel time spent in this place.
 C = Inter-level travel time spent in this place.
 D = Time resting spent in this place.
 E = Time spent auto-exploring this place.
 F = Levels seen in this place.
 G = Mean time per level.
                   A        B        C        D        E       F      G
               +--------+--------+--------+--------+--------+-----+--------+
         Total |   4030 |   3799 |    231 |    828 |   2378 |   3 | 1343.3 |
       Dungeon |   4030 |   3799 |    231 |    828 |   2378 |   3 | 1343.3 |
               +--------+--------+--------+--------+--------+-----+--------+

Top non-repeatable levels by time:
     D:1: 2798 daAuts
     D:2: 1090 daAuts
     D:3: 140 daAuts
